 Dungeon Crawl Stone Soup version 0.17-a0-1-g1f4be75 (webtiles) character file.

216960 Spolavi the Peltast (level 18, 0/162 (163) HPs)
             Began as a Hill Orc Fighter on Mar 4, 2015.
             Was a High Priest of Qazlal.
             Slain by a spatial vortex (17 damage)
             ... summoned by a spatial maelstrom
             ... while paralysed
             ... on level 3 of the Abyss.
             The game lasted 03:52:25 (36715 turns).

Spolavi the Peltast (Hill Orc Fighter)             Turns: 36715, Time: 03:52:25

HP:   0/162 (163)   AC: 20    Str: 33    XL:     18   Next: 56%
MP:   28/30         EV:  2    Int: -1 (2) God:    Qazlal [*****.]
Gold: 1600          SH:  0    Dex: 17    Spells: 0 memorised, 17 levels left

rFire  + . .     SeeInvis +     A - +9 hand axe of Annoyance {venom, rElec MR- Dex+7}
rCold  x . .     Rnd*Rage +     Y - +1 plate armour {rPois}
rNeg   + + .     SustAb   .     J - +6 large shield of Ignorance {rN+ AC+2 EV+2 Int-6 Curse}
rPois  +         Gourm    .     R - +1 hat of Shroafria {+Inv rPois rC- rN+}
rElec  +         Spirit   .     y - +0 cloak
rCorr  +         Warding  .     c - +2 pair of gloves "Hyini" {rF+ Regen+ rCorr Slay-3 Stlth+}
rMut   .         Stasis   .     (no boots)
MR     .....                    B - amulet of faith
Stlth  ..........               M - ring "Lanwojuf" {Str+4 Stlth-}
                                X - ring "Uthrur" {+Fly rPois Str+2 SInv}

@: paralysed, non-regenerating, diseased, lost intelligence, repel missiles, not
resistant to hostile enchantments, extremely unstealthy
A: berserk 2, blurry vision 1, deformed body, deterioration 1, low mp 1,
forlorn, placid magic 2, MP-powered wands 1
a: Upheaval, Elemental Force, Disaster Area, Renounce Religion, Evoke
Invisibility, Evoke Flight
}: 2/15 runes: decaying, gossamer


You were on level 3 of the Abyss.
You worshipped Qazlal.
Qazlal was extremely pleased with you.
You were not hungry.

You visited 5 branches of the dungeon, and saw 37 of its levels.
You visited the Abyss 1 time.
You also visited: Ossuary and Ice Cave.

You collected 3571 gold pieces.
You spent 1971 gold pieces at shops.

Inventory:

Hand weapons
 A - the +9 hand axe of Annoyance (weapon) {venom, rElec MR- Dex+7}
   (You found it on level 9 of the Dungeon)

   It poisons the flesh of those it strikes.
   It affects your dexterity (+7).
   It insulates you from electricity.
   It affects your resistance to hostile enchantments.
Missiles
 F - 5 javelins of penetration (quivered)
Armour
 c - the +2 pair of gloves "Hyini" (worn) {rF+ Regen+ rCorr Slay-3 Stlth+}
   (You found it on level 1 of the Spider Nest)

   It affects your accuracy and damage with ranged weapons and melee attacks
   (-3).
   It protects you from fire.
   It increases your rate of regeneration.
   It protects you from acid and corrosion.
   It makes you more stealthy.
 y - a +0 cloak (worn)
 z - a +0 pair of gloves
 J - the +6 large shield of Ignorance (worn) {rN+ AC+2 EV+2 Int-6 Curse}
   (You bought it in a shop on level 4 of the Orcish Mines)

   It affects your AC (+2).
   It affects your evasion (+2).
   It affects your intelligence (-6).
   It protects you from negative energy.
   It may re-curse itself when equipped.
 R - the +1 hat of Shroafria (worn) {+Inv rPois rC- rN+}
   (You found it on level 7 of the Dungeon)

   It makes you vulnerable to cold.
   It protects you from poison.
   It protects you from negative energy.
   It lets you turn invisible.
 Y - a +1 plate armour of poison resistance (worn)
Jewellery
 m - an uncursed ring of fire
 q - an uncursed ring of protection from cold
 s - an uncursed ring of protection from cold
 B - an amulet of faith (around neck)
 C - an uncursed ring of positive energy
 L - an uncursed amulet of the gourmand
 M - the ring "Lanwojuf" (right hand) {Str+4 Stlth-}
   (You found it on level 6 of the Lair of Beasts)

   [ring of loudness]

   It affects your strength (+4).
   It makes you less stealthy.
 P - an uncursed amulet of resist corrosion
 S - an uncursed ring of see invisible
 W - an uncursed amulet of warding
 X - the ring "Uthrur" (left hand) {+Fly rPois Str+2 SInv}
   (You found it on level 5 of the Swamp)

   [ring of see invisible]

   It affects your strength (+2).
   It protects you from poison.
   It enhances your eyesight.
   It lets you fly.
Magical devices
 G - a wand of confusion (24)
 V - a wand of teleportation (3)
Scrolls
 a - a scroll of holy word
 h - 3 scrolls of remove curse
 i - a scroll of summoning
 j - 3 scrolls of magic mapping
 n - 3 scrolls of fog
 t - 4 scrolls of enchant weapon
 u - 3 scrolls of fear
 w - 7 scrolls of recharging
 x - 10 scrolls of teleportation
 E - a scroll of enchant armour
 I - a scroll of torment
 U - 2 scrolls of blinking
 Z - 2 scrolls of silence
Potions
 b - 5 potions of invisibility
 e - 4 potions of might
 f - 2 potions of berserk rage
 k - 3 potions of curing
 l - 6 potions of flight
 v - 4 potions of lignification
 D - a potion of cure mutation
 K - 3 potions of restore abilities
 N - 8 potions of haste
Comestibles
 d - 25 meat rations
 g - 19 bread rations
 p - 18 fruits
 r - a beef jerky
 Q - 17 royal jellies
 T - 2 slices of pizza


   Skills:
 + Level 15.0 Fighting
 + Level 19.5 Axes
 - Level 1.0 Throwing
 + Level 13.8 Armour
 + Level 20.4 Shields
 + Level 14.7 Invocations


You had 17 spell levels left.
You didn't know any spells.

Dungeon Overview and Level Annotations

Branches:
Dungeon (15/15)            Temple (0/1) D:7            Lair (8/8) D:10
  Swamp (5/5) Lair:5       Spider (5/5) Lair:5        Slime (0/6) Lair:6
    Orc (4/4) D:10            Elf (0/3) Orc:4        Depths (0/5) D:15
 Vaults: D:13-14

Altars:
Elyvilon
Fedhas
Kikubaaqudgha
Makhleb
Qazlal
Ru
Sif Muna
Vehumet
Xom
Yredelemnul
Beogh

Shops:
D:5 *   D:8 *   D:11 :   Orc:1 =   Orc:3 ?   Orc:4 [[[(

Portals:
Hell: Lair:8

Annotations:
D:8 1 exclusion, Maurice
D:13 1 exclusion
D:15 1 exclusion
Lair:7 1 exclusion
Lair:8 2 exclusions
Swamp:1 2 exclusions
Swamp:2 1 exclusion
Swamp:3 exclusion: Roxanne, Roxanne
Spider:1 1 exclusion
Spider:2 1 exclusion
Spider:5 1 exclusion


Innate Abilities, Weirdness & Mutations

Scrolls take you a little longer to read.
Armour fits poorly on your strangely shaped body.
You have difficulty communicating with the divine.
You expend magic power (3 MP) to slightly strengthen your wands.
[You often lose your temper in combat.]
[Your body is slowly deteriorating.]
[Your magical capacity is low (-10% MP).]
[Your spells are easier to cast, but less powerful.]


Message History

You block the spatial maelstrom's attack. x2
Read which item? (? for menu, Esc to quit)
The spatial maelstrom hits you.
* * * LOW HITPOINT WARNING * * *
Space bends around you.
* * * LOW HITPOINT WARNING * * *
You block the spatial maelstrom's attack.
You begin reading the scroll.
You continue reading the scroll.
The spatial vortex is engulfed in freezing vapours.
The spatial maelstrom hits you.
* * * LOW HITPOINT WARNING * * *
A powerful magic prevents control of your teleportation.
You blink.
The brain worm's bulging head throbs.
You feel dopey.
You have lost your intelligence.
Something feeds on your intellect!
You hear a shout!
The spatial vortex is engulfed in freezing vapours.
The spatial vortex hits you!
You die...

# ... #... # . .#
##>#. .##
#...v##.### #.@§#.#
##Xv§v# ##§vw###
#v.3*G# .#
##..#.#..##..#
...#..##.#x#. .# .
.X.#.......#≈≈##..#
#.. ...#.##≈.#...#
#....###3≈≈♣##...#


You could see a spatial maelstrom, a wretched star, a great orb of eyes, 4
spatial vortices, a large abomination, a chaos spawn, a small abomination and a
brain worm.

Vanquished Creatures
  Saint Roka (Orc:4)
  Asterion (Spider:1)
  Rupert (Swamp:2)
  An Executioner (Abyss:2)
  2 thorn hunters
  Donald (Spider:2)
  Wiglaf (Swamp:2)
  Maud (Spider:1)
  6 emperor scorpions
  5 ghost moths (Spider:5)
  Jorgrun (Swamp:2)
  Snorg (Swamp:1)
  The ghost of 4thArraOfDagon the Whirler, a powerful HaAM of Okawaru (D:15)
  An ogre mage (D:12)
  21 hydras
  Nessos (Orc:3)
  2 ghost crabs (Swamp:4)
  An ice dragon (Orc:3)
  3 tengu warriors (D:15)
  A centaur warrior (D:13)
  8 alligators
  An orc high priest (Orc:4)
  6 death yaks (D:14)
  A thrashing horror (Abyss:2)
  Nergalle (D:11)
  A death drake (Abyss:3)
  A fire crab (Lair:7)
  2 spriggan druids (Swamp:4)
  2 unseen horrors
  2 wizards
  7 swamp dragons
  A necromancer (D:15)
  A hill giant (D:10)
  4 orc knights
  A shambling mangrove (Swamp:5)
  32 wolf spiders
  7 hornets
  5 orc sorcerers
  A deep elf conjurer (D:15)
  2 griffons
  7 orb spiders
  7 ugly things
  A moth of wrath (Spider:2)
  9 cyclopes
  6 elephants (Lair:8)
  A sixfirhy (Lair:8)
  3 centaur zombies
  5 black mambas
  Joseph (D:11)
  4 orange demons (Lair:8)
  2 torpor snails
  2 smoke demons
  20 spiny frogs
  Psyche (D:11)
  An apocalypse crab (Abyss:3)
  9 komodo dragons
  2 fire drakes (Lair:8)
  A redback zombie (D:15)
  A hellwing (Lair:8)
  15 demonic crawlers
  2 polar bears (Orc:3)
  An ancient zyme (Abyss:3)
  3 large abominations
  3 tengu conjurers
  A red devil (Lair:8)
  21 jumping spiders
  A queen bee (Lair:4)
  Sonja (Orc:3)
  2 trolls
  10 ravens
  4 blue devils (Lair:8)
  A baby alligator (shapeshifter) (D:13)
  A hornet zombie (D:15)
  8 bog bodies
  8 baby alligators
  13 blink frogs
  9 giant leeches
  7 raiju (Abyss:3)
  6 two-headed ogres
  17 tarantellas
  4 basilisks
  A boulder beetle (Spider:5)
  A vampire (Abyss:3)
  7 starcursed masses (Abyss:3)
  13 slime creatures
  7 spectral orcs (D:11)
  18 redbacks
  3 humans
  5 spriggans (Swamp:4)
  A water elemental (D:15)
  A shadow (Swamp:4)
  25 trapdoor spiders
  A deep elf mage (D:9)
  Eustachio (D:7)
  6 hogs (Swamp:4)
  A neqoxec (Abyss:3)
  45 yaks
  4 hungry ghosts
  2 golden eyes (Abyss:3)
  7 insubstantial wisps
  23 wolves
  A spectral raven (Swamp:4)
  3 wargs
  A soldier ant (D:14)
  Edmund (D:5)
  6 hippogriffs
  2 chaos spawn
  5 hell hounds
  22 ice beasts
  27 swamp worms
  6 porcupines
  19 vampire mosquitoes
  A sky beast (D:11)
  12 swamp drakes
  41 spiders
  28 water moccasins
  2 black bears
  42 orc warriors
  A phantom (D:5)
  8 wasps
  8 centaurs
  17 ogres
  4 boring beetles
  11 crocodiles
  2 brain worms
  23 giant frogs
  An elf zombie (Ossuary)
  3 small abominations
  8 scorpions
  22 killer bees
  A troll skeleton (D:9)
  3 electric eels
  18 wights
  6 jellies
  4 crimson imps
  A giant frog zombie (D:7)
  13 hounds
  23 orc priests
  35 orc wizards
  2 centaur skeletons (D:9)
  2 giant frog skeletons
  9 worker ants
  7 iguanas
  21 sheep
  A big kobold zombie (Ossuary)
  A killer bee zombie (D:6)
  Ijyb (D:2)
  Terence (D:3)
  2 mummies (Ossuary)
  A hound skeleton (D:4)
  23 adders
  13 gnolls
  39 river rats
  2 shadow imps
  A white imp (Abyss:3)
  2 giant mites
  2 worms
  An adder skeleton (D:9)
  An adder zombie (Ossuary)
  4 giant geckos
  218 orcs
  3 bat skeletons
  2 giant cockroaches
  18 hobgoblins
  16 jackals
  21 kobolds
  12 quokkas
  8 ball pythons
  17 bats
  5 giant newts
  20 goblins
  A goblin zombie (Ossuary)
  9 hobgoblin zombies (Ossuary)
  14 kobold zombies (Ossuary)
  10 orc zombies
  A quokka skeleton (D:4)
  A quokka zombie (D:9)
  24 rats
  A rat zombie (Ossuary)
  A ballistomycete (D:13)
  82 fungi
  49 plants
1632 creatures vanquished.

Vanquished Creatures (others)
  Kirke (Swamp:4)
  2 emperor scorpions (Spider:5)
  A harpy (Swamp:4)
  A raven (Swamp:5)
  A golden eye (Abyss:3)
  A human (D:14)
  An insubstantial wisp (Swamp:4)
  A wolf (Lair:7)
  A spider (Spider:2)
  4 sheep (Lair:2)
  A giant spore (D:13)
  8 fungi
  A plant (Lair:2)
  6 toadstools (Swamp:2)
30 creatures vanquished.

Grand Total: 1662 creatures vanquished

Notes
Turn   | Place    | Note
--------------------------------------------------------------
     0 | D:1      | Spolavi, the Hill Orc Fighter, began the quest for the Orb.
     0 | D:1      | Reached XP level 1. HP: 19/19 MP: 1/1
   137 | D:1      | Reached XP level 2. HP: 16/27 MP: 2/2
   322 | D:1      | Reached skill level 4 in Fighting
   386 | D:1      | Reached XP level 3. HP: 29/33 MP: 3/3
   787 | D:2      | Found a stormy altar of Qazlal.
   926 | D:2      | Found a blossoming altar of Fedhas.
   958 | D:2      | Noticed Ijyb
  1029 | D:2      | Killed Ijyb
  1029 | D:2      | Reached XP level 4. HP: 37/41 MP: 4/4
  1563 | D:3      | Noticed Terence
  1599 | D:3      | Killed Terence
  1634 | D:3      | Reached skill level 5 in Fighting
  1639 | D:3      | Reached XP level 5. HP: 42/48 MP: 5/5
  2416 | D:4      | Noticed an ogre
  2428 | D:4      | Killed an ogre
  2428 | D:4      | Reached XP level 6. HP: 11/56 MP: 6/6
  2820 | D:4      | Reached skill level 5 in Armour
  2928 | D:4      | Reached skill level 5 in Axes
  2934 | D:4      | Reached XP level 7. HP: 47/61 MP: 7/7
  2940 | D:4      | Reached skill level 5 in Shields
  3284 | D:5      | Entered Level 5 of the Dungeon
  3491 | D:5      | Reached skill level 6 in Fighting
  3491 | D:5      | Reached skill level 1 in Throwing
  3676 | D:5      | Noticed Edmund
  3723 | D:5      | Killed Edmund
  3839 | D:5      | Reached XP level 8. HP: 55/71 MP: 8/8
  3968 | D:5      | Reached skill level 7 in Axes
  4002 | D:5      | Found Grurch's General Store.
  4326 | D:6      | Found a sacrificial altar of Ru.
  4342 | D:6      | Reached skill level 8 in Axes
  4556 | D:6      | Reached XP level 9. HP: 79/79 MP: 9/9
  4737 | D:6      | Found a deep blue altar of Sif Muna.
  4823 | D:6      | Found an ancient bone altar of Kikubaaqudgha.
  4869 | D:6      | Reached skill level 9 in Axes
  5006 | D:2      | Became a worshipper of Qazlal Stormbringer
  5436 | D:7      | Found a sand-covered staircase.
  5443 | Ossuary  | Entered an ossuary
  5486 | Ossuary  | Acquired Qazlal's first power
  5738 | D:7      | Noticed Eustachio
  5763 | D:7      | Killed Eustachio
  5763 | D:7      | Acquired Qazlal's second power
  5840 | D:7      | Got an ancient hat
  5846 | D:7      | Identified the +1 hat of Shroafria {+Inv rPois rC- rN+} (You found it on level 7 of the Dungeon)
  5890 | D:7      | Reached skill level 1 in Invocations
  5991 | D:7      | Reached skill level 10 in Axes
  6014 | D:7      | Found a staircase to the Ecumenical Temple.
  6030 | D:7      | Found a shimmering altar of Xom.
  6206 | D:7      | Found a white marble altar of Elyvilon.
  6854 | D:8      | Found Schotomov's Assorted Antiques.
  6865 | D:8      | Bought a pitted morningstar for 189 gold pieces
  6865 | D:8      | Identified the +1 morningstar of Anger {freeze, +Fly MR+ Str-3 SInv Stlth+} (You bought it in a shop on level 8 of the Dungeon)
  6988 | D:8      | Noticed Maurice
  7206 | D:9      | Reached XP level 10. HP: 69/90 MP: 14/14
  7297 | D:9      | Got an ancient hand axe
  7306 | D:9      | Identified the +9 hand axe of Annoyance {venom, rElec MR- Dex+7} (You found it on level 9 of the Dungeon)
  7494 | D:9      | Acquired Qazlal's third power
  7654 | D:9      | Found a runed door.
  7836 | D:9      | Found a radiant altar of Vehumet.
  8138 | D:9      | Found a burning altar of Makhleb.
  8138 | D:9      | Found a basalt altar of Yredelemnul.
  8139 | D:9      | Found a deep blue altar of Sif Muna.
  8169 | D:10     | Entered Level 10 of the Dungeon
  8237 | D:10     | Found a staircase to the Lair.
  8255 | D:10     | Noticed a hill giant
  8282 | D:10     | Killed a hill giant
  8282 | D:10     | Reached skill level 11 in Axes
  8366 | D:10     | Found a staircase to the Orcish Mines.
  8385 | D:10     | Reached skill level 5 in Invocations
  8388 | D:10     | Acquired Qazlal's fourth power
  8640 | D:10     | Found a stormy altar of Qazlal.
  9096 | Lair:1   | Entered Level 1 of the Lair of Beasts
  9222 | Lair:1   | Reached XP level 11. HP: 97/97 MP: 18/21
  9317 | Lair:1   | Reached skill level 12 in Axes
  9884 | Lair:1   | Acquired Qazlal's fifth power
 10555 | Lair:2   | Found a shimmering altar of Xom.
 10679 | Lair:2   | Noticed a six-headed hydra
 10757 | Lair:2   | Killed a 11-headed hydra
 10837 | Lair:2   | Reached skill level 10 in Fighting
 10979 | Lair:2   | Reached skill level 10 in Shields
 11138 | Lair:2   | Found a burning altar of Makhleb.
 12117 | Lair:4   | Reached skill level 13 in Axes
 12435 | Lair:4   | Reached XP level 12. HP: 99/106 MP: 24/24
 12664 | Lair:5   | Found a labyrinth entrance.
 12978 | Lair:5   | Found a hole to the Spider Nest.
 13224 | Lair:5   | Reached skill level 10 in Armour
 13228 | Lair:5   | Found a staircase to the Swamp.
 13279 | Lair:5   | Noticed a seven-headed hydra
 13296 | Lair:5   | Killed a seven-headed hydra
 13783 | Lair:6   | Got a warped bronze ring
 14223 | Lair:6   | Found a staircase to the Slime Pits.
 14807 | Lair:6   | Noticed a four-headed hydra
 14891 | Lair:6   | Killed a six-headed hydra
 14891 | Lair:6   | Reached skill level 14 in Axes
 14928 | Lair:7   | Noticed a five-headed hydra
 14943 | Lair:7   | Killed a five-headed hydra
 15132 | Lair:7   | Reached skill level 10 in Invocations
 15166 | Lair:7   | Reached XP level 13. HP: 116/116 MP: 27/27
 15779 | Lair:8   | Entered Level 8 of the Lair of Beasts
 15994 | Lair:8   | Identified the ring "Lanwojuf" {Str+4 Stlth-} (You found it on level 6 of the Lair of Beasts)
 16266 | Lair:8   | HP: 1/116 [eight-headed hydra (10)]
 17085 | Lair:8   | Got a bloodstained battleaxe
 17091 | Lair:8   | Identified the cursed +2 battleaxe "Maunus" {freeze, rF++} (You found it on level 8 of the Lair of Beasts)
 17170 | Lair:8   | Reached skill level 15 in Axes
 17180 | Lair:8   | Reached XP level 14. HP: 112/125 MP: 29/29
 17424 | Lair:8   | Found a burning altar of Makhleb.
 17459 | Lair:8   | Found a gateway to Hell.
 17988 | Orc:1    | Entered Level 1 of the Orcish Mines
 18381 | Orc:1    | Found a dark tunnel.
 18412 | Orc:1    | Found Ugain's Jewellery Emporium.
 18802 | Orc:3    | Noticed Nessos
 18805 | Orc:3    | Noticed Sonja
 18809 | Orc:3    | Killed Sonja
 18809 | Orc:3    | Killed Nessos
 18955 | Orc:3    | Found a frozen archway.
 19206 | IceCv    | Entered an ice cave
 19456 | Orc:3    | Found Nizuesh's Magic Scroll Shop.
 19622 | Orc:4    | Entered Level 4 of the Orcish Mines
 19737 | Orc:4    | Found a staircase to the Elven Halls.
 19810 | Orc:4    | Found a roughly hewn altar of Beogh.
 19861 | Orc:4    | Noticed Saint Roka
 20505 | Orc:4    | Killed Saint Roka
 20579 | Orc:4    | Found Stia's Antique Weapon Emporium.
 20579 | Orc:4    | Found a roughly hewn altar of Beogh.
 20583 | Orc:4    | Found Iseunt's Antique Armour Shoppe.
 20619 | Orc:4    | Bought the cursed +6 large shield of Ignorance {rN+ AC+2 EV+2 Int-6 Curse} for 1782 gold pieces
 20738 | Orc:4    | Found a roughly hewn altar of Beogh.
 20766 | Orc:4    | Found Docy's Antique Armour Shoppe.
 20926 | Orc:4    | Found a roughly hewn altar of Beogh.
 21030 | Orc:4    | Reached skill level 16 in Axes
 21073 | Orc:4    | Found a roughly hewn altar of Beogh.
 21073 | Orc:4    | Found Xoqoh's Antique Armour Shop.
 21663 | Spider:1 | Entered Level 1 of the Spider Nest
 21737 | Spider:1 | Noticed Asterion
 21768 | Spider:1 | Killed Asterion
 21768 | Spider:1 | Reached XP level 15. HP: 64/134 MP: 27/31
 21791 | Spider:1 | Noticed Maud
 21810 | Spider:1 | Killed Maud
 21818 | Spider:1 | Got a pair of ancient gloves
 21824 | Spider:1 | Identified the +2 pair of gloves "Hyini" {rF+ Regen+ rCorr Slay-3 Stlth+} (You found it on level 1 of the Spider Nest)
 22103 | Spider:1 | Reached skill level 15 in Shields
 23293 | Spider:3 | Noticed Donald
 23312 | Spider:2 | Killed Donald
 25212 | Spider:5 | Entered Level 5 of the Spider Nest
 25580 | Spider:5 | Reached XP level 16. HP: 93/144 MP: 1/32
 25624 | Spider:5 | Reached skill level 17 in Axes
 27358 | Spider:5 | Got a gossamer rune of Zot
 27598 | Swamp:1  | Entered Level 1 of the Swamp
 27639 | Swamp:1  | Reached skill level 18 in Shields
 27721 | Swamp:1  | Noticed Snorg
 27734 | Swamp:1  | Killed Snorg
 28438 | Swamp:2  | Noticed Jorgrun
 28443 | Swamp:2  | Noticed Rupert
 28454 | Swamp:2  | Killed Jorgrun
 28471 | Swamp:2  | Noticed a thorn hunter
 28475 | Swamp:2  | Noticed Wiglaf
 28477 | Swamp:2  | Killed Rupert
 28481 | Swamp:2  | Killed a thorn hunter
 28500 | Swamp:2  | Killed Wiglaf
 28500 | Swamp:2  | Reached XP level 17. HP: 84/151 MP: 33/33
 29473 | Swamp:3  | Noticed Roxanne
 30885 | Swamp:4  | Noticed Kirke
 30906 | Swamp:4  | Killed Kirke
 31768 | Swamp:5  | Entered Level 5 of the Swamp
 31790 | Swamp:5  | Reached skill level 19 in Shields
 32319 | Swamp:5  | Got a fine golden ring
 32342 | Swamp:5  | Identified the ring "Uthrur" {+Fly rPois Str+2 SInv} (You found it on level 5 of the Swamp)
 32368 | Swamp:5  | Got a decaying rune of Zot
 32867 | D:11     | Noticed Nergalle
 32914 | D:11     | Killed Nergalle
 33001 | D:11     | Noticed Psyche
 33060 | D:11     | Killed Psyche
 33291 | D:11     | Found a roughly hewn altar of Beogh.
 33357 | D:11     | Noticed Joseph
 33375 | D:11     | Killed Joseph
 33522 | D:11     | Found Afypyeta's Book Emporium.
 34234 | D:12     | You fall through a shaft for 2 floors!
 34297 | D:14     | Reached XP level 18. HP: 143/161 MP: 34/34
 35120 | D:15     | Entered Level 15 of the Dungeon
 35142 | D:15     | Noticed 4thArraOfDagon's ghost (powerful HaAM)
 35159 | D:15     | Killed 4thArraOfDagon's ghost
 35197 | D:15     | Paralysed by a wizard for 6 turns
 35204 | D:15     | Reached skill level 20 in Shields
 35239 | D:15     | Found a staircase to the Depths.
 36310 | D:13     | Cast into the Abyss (a wizard)
 36379 | Abyss:2  | Found a stormy altar of Qazlal.
 36474 | Abyss:3  | Gained mutation: You expend magic power (3 MP) to slightly strengthen your wands. [a neqoxec]
 36482 | Abyss:3  | Paralysed by accursed screaming for 1 turns
 36485 | Abyss:3  | Gained mutation: Scrolls take you a little longer to read. [a neqoxec]
 36485 | Abyss:3  | Gained mutation: [Your spells are a little easier to cast, but a little less powerful.] [a neqoxec]
 36505 | Abyss:3  | Reached skill level 15 in Fighting
 36505 | Abyss:3  | Gained mutation: Armour fits poorly on your strangely shaped body. [a neqoxec]
 36507 | Abyss:3  | Gained mutation: You have difficulty communicating with the divine. [a neqoxec]
 36713 | Abyss:3  | Lost intelligence.
 36715 | Abyss:3  | Slain by a spatial vortex

Action                   |  1- 3 |  4- 6 |  7- 9 | 10-12 | 13-15 | 16-18 || total
-------------------------+-------+-------+-------+-------+-------+-------++-------
Melee: War axe           |   141 |   201 |   554 |    22 |       |       ||   918
       Hand axe          |       |       |       |   692 |  1263 |  1714 ||  3669
Throw: Tomahawk          |       |     5 |       |       |       |       ||     5
       Javelin           |       |       |       |       |       |     6 ||     6
Invok: Upheaval          |       |       |       |     1 |    37 |    39 ||    77
       Disaster Area     |       |       |       |       |     4 |       ||     4
  Use: Scroll            |       |     8 |     5 |    10 |    12 |     7 ||    42
       Potion            |       |       |       |       |     2 |    12 ||    14
  Eat: Chunk             |       |     7 |    14 |    28 |    39 |    30 ||   118
       Beef jerky        |       |       |     1 |     1 |       |       ||     2
       Pizza             |       |       |       |     3 |     1 |     1 ||     5
